 Dungeon Crawl Stone Soup version 0.24.0-13-gcf9b3192b9 (webtiles) character file.

Game seed: 13793142437746663016, levelgen mode: deterministic

2013 PunishMeDaddy the Spear-Bearer (level 9, 0/96 HPs)
             Began as a Formicid Chaos Knight on Nov 6, 2019.
             Was a Plaything of Xom.
             Engulfed by a cloud of flame (2 damage)
             ... on level 6 of the Dungeon.
             The game lasted 00:25:49 (6962 turns).

PunishMeDaddy the Spear-Bearer (FoCK)               Turns: 6962, Time: 00:25:50

Health: 0/96       AC: 24    Str: 20    XL:     9   Next: 46%
Magic:  3/9        EV:  2    Int: 17    God:    Xom [......]
Gold:   177        SH:  3    Dex: 10    Spells: 8/8 levels left

rFire    . . .     SeeInvis .   a - +0 trident
rCold    . . .     Gourm    .   m - +0 buckler
rNeg     + + +     Faith    .   (armour currently unavailable)
rPois    +         Spirit   .   (helmet unavailable)
rElec    .         Reflect  .   (cloak currently unavailable)
rCorr    .         Harm     .   (gloves currently unavailable)
MR       .....                  (boots currently unavailable)
Stlth    +.........             (no amulet)
HPRegen  0.26/turn              (no ring)
MPRegen  0.11/turn              p - ring of protection from magic

@: brilliant, tree-form, vulnerable
A: permanent stasis, dig shafts and tunnels, four strong arms, screaming 1,
MP-powered wands
a: Renounce Religion


You were on level 6 of the Dungeon.
You worshipped Xom.
You were a very special plaything of Xom.
You were very hungry.
You were a tree.
You visited 1 branch of the dungeon, and saw 6 of its levels.

You collected 261 gold pieces.
You spent 84 gold pieces at shops.

Inventory:

Hand Weapons
 a - a +0 trident (weapon)
Missiles
 h - 6 datura-tipped darts (quivered)
 n - 29 poisoned darts
Armour
 g - a +2 pair of boots (melded)
 k - a scarf of cloud immunity (melded)
 m - a +0 buckler (worn)
 r - a +0 plate armour (melded)
Jewellery
 p - a ring of protection from magic (right branch)
Wands
 f - a wand of digging (2)
 v - a wand of flame (17)
Scrolls
 i - a scroll of enchant armour
 j - 4 scrolls of magic mapping
 l - 3 scrolls of identify
 q - 2 scrolls of immolation
 u - a scroll of amnesia
Potions
 o - 2 potions of lignification
Comestibles
 c - 10 rations


   Skills:
 - Level 3.2 Fighting
 + Level 11.9 Polearms
 - Level 2.1 Armour
 - Level 0.8 Dodging


You had 8 spell levels left.
You didn't know any spells.
Your spell library contained the following spells:

 Spells                   Type           Power        Failure   Level  Hunger
 Flame Tongue             Conj/Fire      ##...        4%          1    ##.....
 Magic Dart               Conj           ##..         4%          1    ##.....
 Ensorcelled Hibernation  Hex/Ice        ##....       7%          2    ###....
 Searing Ray              Conj           ##....       7%          2    ###....
 Throw Flame              Conj/Fire      ##....       7%          2    ###....
 Conjure Flame            Conj/Fire      ##......     13%         3    ####...
 Dazzling Spray           Conj/Hex       ##....       13%         3    ####...
 Inner Flame              Hex/Fire       ##......     13%         3    ####...
 Force Lance              Conj/Tloc      ##......     34%         4    #####..
 Fulminant Prism          Conj/Hex       ##........   34%         4    #####..
 Iskenderun's Mystic Bla  Conj           ##......     34%         4    #####..
 Sticky Flame             Conj/Fire      ##......     34%         4    #####..
 Fireball                 Conj/Fire      ##........   65%         5    ######.
 Metabolic Englaciation   Hex/Ice        ##........   65%         5    ######.
 Summon Mana Viper        Hex/Summ       ##......     65%         5    ######.
 Bolt of Fire             Conj/Fire      ##........   98%         6    #######


Dungeon Overview and Level Annotations

Branches:
Dungeon (6/15)
 Temple: D:4-7

Altars:
Ru
Wu Jian
Xom
The Shining One

Shops:
D:4 *   D:5 (


Innate Abilities, Weirdness & Mutations

You cannot be hasted, slowed, berserked, paralysed or teleported.
You can dig through walls and to a lower floor.
Your four strong arms can wield two-handed weapons with a shield.
((You have a pair of large antennae on your head. (SInv)))
You occasionally shout uncontrollably at your foes.
((You are covered in fur. (AC +1)))
((You are resistant to electric shocks. (rElec)))
You expend magic power (3 MP) to strengthen your wands.


Message History

The iguana's corpse dissolves into shadows!
You are engulfed in blazing flames.
* * * LOW HITPOINT WARNING * * *
The area is suffused with divine lightning!
The blast of lightning engulfs the glowing orange brain!!
The blast of lightning engulfs the bullfrog!!
The bullfrog dies!
The bullfrog's corpse dissolves into shadows!
You hear a shout!
The glowing orange brain pulsates.
You nearly hit yourself!
You are engulfed in blazing flames.
You feel clever all of a sudden.
You are engulfed in blazing flames.
* * * LOW HITPOINT WARNING * * *
You feel less confused.
You hit the glowing orange brain.
The glowing orange brain is severely wounded.
You are engulfed in blazing flames.
You die...
Xom is highly amused!

....#........<.........#
....#..................# ...
....#..>...............+ ....
....#########...########.....
....#......##...#............
....#......##'###............
....#......#...§.§...........
....#......'...☼§§......#####
....########...○♣.......#
...............Gs.......#
........................#
............#####.......#
.)).........'...#.......#
..<.........#...#.......#
####........#...#.......#
...###...8..#...#.......#
...#........+...#.......#


You could see a glowing orange brain (inner flame) and a giant cockroach.

Vanquished Creatures
  Prince Ribbit (D:5)
  2 porcupines (D:4)
  An ice beast (D:6)
  An orc warrior (D:6)
  A hornet zombie (D:6)
  2 ogres (D:6)
  3 centaurs
  Blork the orc (D:4)
  A bullfrog (D:4)
  2 howler monkeys
  A crimson imp (D:5)
  A hound (D:6)
  A bullfrog zombie (D:6)
  3 orc wizards
  A centaur skeleton (D:6)
  2 iguanas (D:6)
  2 worker ants
  Ijyb (D:4)
  3 killer bee zombies (D:6)
  2 hound zombies (D:6)
  A hound skeleton (D:6)
  A howler monkey zombie (D:6)
  A worker ant zombie (D:6)
  3 gnolls
  15 adders
  A river rat (D:3)
  A shadow imp (D:5)
  3 adder zombies (D:6)
  An adder skeleton (D:6)
  2 worms
  2 dart slugs (D:4)
  3 leopard geckos
  14 orcs
  7 bats
  4 giant cockroaches
  4 goblins
  7 hobgoblins
  2 jackals (D:6)
  8 kobolds
  4 quokkas
  6 frilled lizards
  A jackal zombie (D:6)
  A leopard gecko zombie (D:6)
  2 quokka zombies
  4 rats
130 creatures vanquished.

Notes
Turn   | Place    | Note
-------+----------+-------------------------------------------
     0 | D:1      | PunishMeDaddy the Formicid Chaos Knight began the quest for
                  | the Orb.
     0 | D:1      | Reached XP level 1. HP: 18/18 MP: 1/1
   122 | D:1      | Reached XP level 2. HP: 24/24 MP: 2/2
   427 | D:1      | Reached skill level 4 in Polearms
   427 | D:1      | Reached XP level 3. HP: 23/29 MP: 3/3
   469 | D:1      | You fall into a shaft and drop 1 floor!
   511 | D:2      | XOM: summons 1 hostile demon
   517 | D:2      | HP: 1/29 [white imp/puff of frost[Xom] (11)]
   736 | D:1      | XOM: mild Erth miscast
   963 | D:1      | XOM: confusion
   972 | D:1      | XOM: confusion
  1030 | D:1      | XOM: medium Ice miscast
  1287 | D:2      | XOM: repel stairs
  1291 | D:2      | XOM: confusion
  1300 | D:2      | Reached XP level 4. HP: 28/35 MP: 4/4
  1340 | D:2      | XOM: enchant monster (bad)
  1362 | D:2      | Reached skill level 5 in Polearms
  1713 | D:2      | XOM is BORED!
  1713 | D:2      | XOM: give mutations
  1713 | D:2      | Gained mutation: You are clumsy. (Dex -2) [Xom's mischief]
  1713 | D:2      | Gained mutation: You expend magic power (3 MP) to
                  | strengthen your wands. [Xom's mischief]
  1718 | D:2      | Lost mutation: You expend magic power (3 MP) to strengthen
                  | your wands. [potion of mutation]
  1718 | D:2      | Lost mutation: You are clumsy. (Dex -2) [potion of
                  | mutation]
  1718 | D:2      | Gained mutation: You occasionally shout uncontrollably at
                  | your foes. [potion of mutation]
  1718 | D:2      | Gained mutation: Armour fits poorly on your strangely
                  | shaped body. [potion of mutation]
  1718 | D:2      | Gained mutation: You are resistant to electric shocks.
                  | (rElec) [potion of mutation]
  1732 | D:2      | Found a faded altar of an unknown god.
  1796 | D:2      | XOM: summons 2 hostile demons
  1799 | D:2      | Reached XP level 5. HP: 33/41 MP: 5/5
  2015 | D:2      | Found a sacrificial altar of Ru.
  2169 | D:2      | XOM: summons 2 hostile demons
  2227 | D:3      | XOM: harmless Ice miscast
  2433 | D:3      | XOM: polymorph orc -> river rat
  2436 | D:3      | XOM: swap monsters
  2437 | D:3      | XOM: noise
  2448 | D:3      | XOM: swap monsters
  2451 | D:3      | Reached skill level 6 in Polearms
  2507 | D:3      | XOM: silly message
  2579 | D:3      | XOM: confusion
  2718 | D:3      | Reached XP level 6. HP: 45/47 MP: 6/6
  2803 | D:3      | XOM: god gift: scroll labeled IQEOXUMUJI {god gift}
  3028 | D:4      | XOM: smoke on damage
  3053 | D:4      | Noticed Edmund
  3059 | D:4      | XOM: polymorph orc -> dart slug
  3071 | D:4      | Noticed Edmund
  3071 | D:4      | Edmund changed into Edmund the porcupine
  3071 | D:4      | XOM: polymorph Edmund -> Edmund the porcupine
  3113 | D:3      | XOM: medium Ice miscast
  3143 | D:4      | XOM: polymorph adder -> orc
  3477 | D:4      | XOM: mild Chrm miscast
  3551 | D:4      | Noticed Blork the orc
  3727 | D:3      | XOM: harmless Air miscast
  3731 | D:4      | XOM: silly message
  3747 | D:4      | Killed Blork the orc
  3747 | D:4      | Reached skill level 7 in Polearms
  3778 | D:4      | XOM: potion effect (agility)
  3781 | D:4      | XOM: potion effect (invisibility)
  3784 | D:4      | Killed Edmund the porcupine
  3784 | D:4      | Reached XP level 7. HP: 28/52 MP: 7/7
  3996 | D:4      | XOM is BORED!
  3996 | D:4      | XOM: severe Tloc miscast
  4022 | D:4      | XOM: give mutation
  4022 | D:4      | Gained mutation: You are covered in fur. (AC +1) [Xom's
                  | grace]
  4051 | D:4      | XOM: god gift: book of Flames
  4062 | D:4      | Noticed Duvessa
  4064 | D:4      | XOM: scenery: create altars
  4159 | D:4      | Noticed Ijyb
  4161 | D:4      | Noticed Sigmund
  4166 | D:4      | Killed Ijyb
  4167 | D:4      | Noticed Sigmund
  4167 | D:4      | Sigmund changed into Sigmund the centaur
  4169 | D:4      | Killed Sigmund the centaur
  4169 | D:4      | Reached skill level 8 in Polearms
  4202 | D:4      | Noticed Duvessa
  4202 | D:4      | Duvessa changed into Duvessa the porcupine
  4205 | D:4      | Killed Duvessa the porcupine
  4228 | D:4      | Noticed Eustachio
  4231 | D:4      | Noticed Eustachio
  4231 | D:4      | Eustachio changed into Eustachio the bullfrog
  4239 | D:4      | Killed Eustachio the bullfrog
  4248 | D:4      | Got a jewelled leather armour
  4259 | D:4      | Identified the +6 leather armour "Fuez" {+Inv rPois MR-
                  | Int+6} (You found it on level 4 of the Dungeon)
  4358 | D:4      | Noticed Dowan
  4360 | D:4      | Noticed Dowan
  4360 | D:4      | Dowan changed into Dowan the howler monkey
  4376 | D:4      | Killed Dowan the howler monkey
  4376 | D:4      | Reached XP level 8. HP: 44/58 MP: 8/8
  4416 | D:4      | Found Quinloli's General Store.
  4419 | D:4      | Bought a scroll of identify for 28 gold pieces
  4419 | D:4      | Bought a potion of agility for 56 gold pieces
  4452 | D:5      | Entered Level 5 of the Dungeon
  4515 | D:5      | Reached skill level 9 in Polearms
  4575 | D:5      | XOM: give mutations
  4575 | D:5      | Gained mutation: You have large cloven feet. [Xom's grace]
  4575 | D:5      | Gained mutation: You expend magic power (3 MP) to
                  | strengthen your wands. [Xom's grace]
  4598 | D:5      | Noticed Prince Ribbit
  4605 | D:5      | Killed Prince Ribbit
  4683 | D:5      | Found a shimmering altar of Xom.
  4684 | D:5      | Found a shimmering altar of Xom.
  4702 | D:5      | XOM: cleaving
  4706 | D:5      | XOM: cast spell 'Dispersal'
  4844 | D:5      | Reached skill level 10 in Polearms
  4970 | D:5      | Found Qeymn's Weapon Emporium.
  5119 | D:5      | Found a glowing golden altar of the Shining One.
  5155 | D:5      | XOM: give mutation
  5155 | D:5      | Lost mutation: You have large cloven feet. [Xom's mischief]
  5226 | D:5      | Found an ornate altar of the Wu Jian Council.
  5272 | D:6      | XOM: noise
  5334 | D:6      | XOM: mild Air miscast
  5366 | D:6      | XOM: give mutation
  5366 | D:6      | Lost mutation: Armour fits poorly on your strangely shaped
                  | body. [Xom's mischief]
  5484 | D:6      | XOM: noise
  5499 | D:6      | Noticed a shapeshifter
  5499 | D:6      | an orc warrior changed into a shapeshifter
  5500 | D:6      | Noticed a queen bee
  5500 | D:6      | a shapeshifter changed into a queen bee
  5501 | D:6      | Noticed a shapeshifter
  5501 | D:6      | a queen bee changed into a shapeshifter
  5501 | D:6      | Noticed a jumping spider
  5501 | D:6      | a shapeshifter changed into a jumping spider
  5502 | D:6      | Noticed a shapeshifter
  5502 | D:6      | a jumping spider changed into a shapeshifter
  5502 | D:6      | a shapeshifter changed into an eye of draining
  5525 | D:6      | XOM: mild Erth miscast
  5529 | D:6      | Noticed a jumping spider
  5531 | D:6      | Noticed a shapeshifter
  5531 | D:6      | a jumping spider changed into a shapeshifter
  5531 | D:6      | Noticed a queen bee
  5531 | D:6      | a shapeshifter changed into a queen bee
  5600 | D:6      | XOM: harmless Hex miscast
  5773 | D:6      | Reached XP level 9. HP: 44/64 MP: 9/9
  5913 | D:6      | Identified Xom's Incunabulum of Karma (Xom gifted it to you
                  | on level 6 of the Dungeon)
  5913 | D:6      | XOM: god gift: Xom's Incunabulum of Karma
  5959 | D:6      | Reached skill level 11 in Polearms
  6384 | D:6      | XOM: severe Ice miscast
  6447 | D:6      | XOM: summons 3 hostile shadow creatures
  6840 | D:6      | XOM: medium Chrm miscast
  6922 | D:6      | Noticed a manticore
  6926 | D:6      | Noticed an eye of devastation
  6926 | D:6      | a manticore changed into an eye of devastation
  6938 | D:6      | Noticed a glowing orange brain
  6939 | D:6      | XOM: blink monster(s)
  6959 | D:6      | XOM: divine lightning
  6961 | D:6      | HP: 2/96 [cloud of flame (6)]
  6962 | D:6      | Engulfed by a cloud of flame

Levels and vault maps discovered:
D:1:      dpeg_arrival_shelter, layout_rooms
D:2:      layout_rooms, chequers_ecumenical_altar_twisty,
          nicolae_ru_sacrificial_ziggurat
D:3:      layout_rooms
D:4:      layout_rooms, serial_shops, kennysheep_mini, first_ration,
          uniq_blork_the_orc, uniq_edmund, uniq_ijyb, uniq_sigmund,
          uniq_eustachio, uniq_duvessa
D:5:      layout_loops_ring, nicolae_overflow_hidden_temple, lemuel_round_altar,
          serial_shops, kennysheep_little_box, xom_redecorated,
          uniq_prince_ribbit1
D:6:      layout_gridville, serial_undead, serial_undead_c, serial_undead_a,
          serial_undead_d, serial_undead_c, serial_undead_c, serial_undead_c,
          serial_undead_b

Skill      XL: |  1  2  3  4  5  6  7  8  9 |
---------------+----------------------------+-----
Polearms       | 4 5 6 7 8 10 11 | 11.9
Fighting       | |  3.2
Armour         | |  2.1
Dodging        | |  0.8

Action                   |  1- 3 |  4- 6 |  7- 9 || total
-------------------------+-------+-------+-------++-------
Melee: Spear             |   112 |   127 |       ||   239
       Trident           |       |   115 |   384 ||   499
 Abil: Dig               |       |       |     1 ||     1
Evoke: Wand              |       |       |    35 ||    35
  Use: Scroll            |     2 |     9 |     5 ||    16
       Potion            |       |    10 |     6 ||    16
 Stab: Invisible         |       |       |     2 ||     2
  Eat: Chunk             |       |     8 |    11 ||    19
Armor: Chain mail        |    66 |   115 |     2 ||   183
       Leather armour    |     2 |       |       ||     2
       Ring mail         |       |       |    97 ||    97
       Skin              |       |       |    20 ||    20
       Plate armour      |       |       |    14 ||    14
Dodge: Dodged            |    40 |    76 |   128 ||   244
Block: Buckler           |     9 |    20 |    31 ||    60
